 Dungeon Crawl Stone Soup version 0.31-a0-325-g067879e3d3 (webtiles) character file.

Game seed: 11329717016772535677

6892 AIAndy the Mimic (level 11, -13/90 HPs)
             Began as an Octopode Shapeshifter on July 18, 2023.
             Was an Initiate of Gozag.
             Mangled by a death yak (14 damage)
             ... on level 9 of the Dungeon.
             The game lasted 00:34:02 (10032 turns).

AIAndy the Mimic (Octopode Shapeshifter)           Turns: 10032, Time: 00:34:03

Health: -13/90     AC:  8    Str: 24    XL:     11   Next: 6%
Magic:  11/11      EV: 10    Int: 10    God:    Gozag
Gold:   1031       SH:  0    Dex: 19    Spells: 10/10 levels left

rFire   . . .        s - melded +8 whip "Snakebite" {venom, curare, rPois, =f}
rCold   . . .        (shield currently unavailable)
rNeg    . . .        (helmet currently unavailable)
rPois   .            J - amulet of magic regeneration
rElec   .            Z - ring of wizardry
rCorr   .            L - ring of flight
SInv    .            E - ring of willpower
Will    +....        X - +6 ring of dexterity
Stlth   ++           (no ring)
HPRegen 0.35/turn    (no ring)
MPRegen 0.52/turn    (no ring)
                     (no ring)

%: wizardry (x1)
@: snake-form, flying, hasted and slowed
A: constrict, boosted hp, almost no armour, amphibious, 8 rings, large,
(camouflage 1), (gelatinous body 1), (nimble swimmer 1), (tentacles)
a: Begin Untransformation, Renounce Religion, Potion Petition, Call Merchant,
Bribe Branch


You were on level 9 of the Dungeon.
You worshipped Gozag.
Gozag was most pleased with you.
You were an enormous anaconda.
You visited 1 branch of the dungeon, and saw 10 of its levels.

You collected 1288 gold pieces.
You spent 216 gold pieces at shops.
You paid 41 gold pieces to Gozag.


Innate Abilities, Weirdness & Mutations

You are an enormous anaconda.
You have a powerful constriction melee attack.
Your maximum health is increased.
Your armour is entirely melded.
You are incapable of wielding weapons or throwing items.
You cannot wear most types of armour.
You are amphibious.
You can wear up to eight rings at the same time.
((Your skin changes colour to match your surroundings (Stealth+).))
((Your rubbery body absorbs attacks. (AC +1, EV +1)))
((You are camouflaged when in or above water. (Stealth+)))
((You have tentacles for arms and can constrict up to eight enemies at once.))


   Skills:
 - Level 7.1 Fighting
 - Level 4.0 Maces & Flails
 - Level 2.0 Dodging
 + Level 9.4 Unarmed Combat
 + Level 10.1 Shapeshifting


You had 10 spell levels left.
You didn't know any spells.
Your spell library contained the following spells:

 Spells                   Type           Power      Damage    Failure   Level
 Magic Dart               Conj           0%         1d3       16%         1
 Call Imp                 Summ           0%         N/A       22%         2
 Ensorcelled Hibernation  Hex/Ice        0%         N/A       22%         2
 Passwall                 Tmut/Erth      0%         N/A       22%         2
 Searing Ray              Conj           0%         2d4       22%         2
 Mephitic Cloud           Conj/Pois/Air  0%         N/A       41%         3
 Portal Projectile        Hex/Tloc       0%         N/A       41%         3
 Swiftness                Air            0%         N/A       41%         3
 Tukima's Dance           Hex            0%         N/A       41%         3
 Fulminant Prism          Conj/Hex       0%         3d5       80%         4
 Iskenderun's Mystic Bla  Conj/Tloc      0%         2d3       80%         4

Inventory:

Hand Weapons
 s - the +8 whip "Snakebite" (melded) {venom, curare, rPois, =f}
   (You found it on level 3 of the Dungeon)

   rPois:     It protects you from poison.
Missiles
 h - 40 poisoned darts (quivered)
 n - 5 javelins
 q - 2 curare-tipped darts {=f}
 u - 9 boomerangs
Jewellery
 E - a ring of willpower (on tentacle)
 J - an amulet of magic regeneration (around neck)
 L - a ring of flight (right tentacle)
 X - a +6 ring of dexterity (on tentacle)
 Z - a ring of wizardry (left tentacle)
Talismans
 b - a beast talisman
 v - a blade talisman
 D - a serpent talisman
Wands
 t - a wand of flame (6)
 A - a wand of quicksilver (9)
 G - a wand of roots (7)
 I - a wand of charming (8)
Scrolls
 c - 7 scrolls of teleportation {@r4}
 d - a scroll of acquirement {unknown}
 e - a scroll of fear {unknown}
 f - 5 scrolls of poison {!r}
 j - a scroll of torment {unknown}
 m - 2 scrolls of amnesia
 r - 2 scrolls of fog
 w - a scroll of revelation {unknown}
 x - 3 scrolls of vulnerability {!r}
 y - a scroll of enchant armour {unknown}
 B - a scroll of enchant weapon {unknown}
Potions
 a - 3 potions of lignification {!q}
 g - 3 potions of curing {@q1}
 i - 4 potions of brilliance
 k - a potion of haste {@q3}
 l - 4 potions of invisibility
 o - 2 potions of heal wounds {@q2}
 p - 3 potions of attraction {!q}
 z - 4 potions of resistance
 C - 2 potions of enlightenment
 F - 2 potions of mutation {!q}
 H - a potion of cancellation

Dungeon Overview and Level Annotations

Branches:
Dungeon (10/15)            Temple (0/1) D:7            Lair (0/5) D:10
    Orc: D:9-12

Altars:
Fedhas
Gozag
Okawaru
Qazlal
Ru
Wu Jian
Yredelemnul

Shops:
D:3 *   D:5 *

Annotations:
D:5 3 runed translucent doors, RichitheSlayer's ghost, novice FoFi
D:7 3 runed translucent doors, Vruhak's ghost, novice FoGl
D:9 exclusion: two-headed ogre

#.....|.. #.#'##### #.#..░░░░ ###
### #.#....). ▓ #.######.#
#.#░.░░░. ▓ ####..#..##.# ###
#.#░.░ ░. ▓###.####.##..##
##.#####.#░.░ ░.
▓#.........#.#####>#..#.#.#░.░ ░.
▓............# #S#..#.....#░+░░░.
▓...........## ##YW....##.#░.....
▓..........## #YY.....#..#░.....
##........## ##.........#######
...........## ##.................
............###............###...
#............#............## ##..
.........................## ##.
..........................## ##..


You could see 2 death yaks and a wraith.


Message History

Items here: ))) [[.
Okay, then.
Partly explored, can't reach some places.
There is a stone staircase leading down, spattered with blood here.
You fly downwards.
The yak gores you.
The death yak snorts and paws the ground.
The death yak gores you! The wraith hits you. The wraith drains your vigour!
You feel yourself slow down. The yak gores you!
The death yak completely misses you.
A kobold comes into view.
It is wielding a +0 club and quivering poisoned darts.
The yak barely misses you. The death yak barely misses you.
The wraith hits you but does no damage. The death yak gores you!!
* * * LOW HITPOINT WARNING * * *
The yak misses you.
The kobold shouts!
There is a stone staircase leading up, spattered with blood here.
The death yak barely misses you. The wraith hits you.
* * * LOW HITPOINT WARNING * * *
The yak gores you!
* * * LOW HITPOINT WARNING * * *
The death yak gores you!
* * * LOW HITPOINT WARNING * * *
You fly upwards.
Level annotation: exclusion: two-headed ogre
There is a stone staircase leading down, spattered with blood here.
You feel yourself speed up. The death yak gores you!
* * * LOW HITPOINT WARNING * * *
The death yak gores you!
You die...
Your body crumbles into a pile of gold.

Skill      XL: |  1  2  3  4  5  6  7  8  9 10 |
---------------+-------------------------------+-----
Unarmed Combat | 3 6 9 |  9.4
Shapeshifting  | 4 5 6 8 10 | 10.1
Maces & Flails | 1 2 4 |  4.0
Fighting       | 3 5 6 7 |  7.1
Dodging        | |  2.0

Action                     |  1- 3 |  4- 6 |  7- 9 | 10-12 || total
---------------------------+-------+-------+-------+-------++-------
  Melee: Unarmed           |    65 |    34 |    80 |   142 ||   321
         Constrict         |    20 |    21 |    40 |    27 ||   108
         Tentacles         |    11 |    15 |    13 |       ||    39
         Punch             |     1 |     2 |     2 |       ||     5
         Whip              |       |    61 |    65 |       ||   126
  Throw: Dart              |     2 |     1 |    15 |       ||    18
         Javelin           |       |     3 |     6 |       ||     9
  Evoke: Wand              |       |     5 |     4 |       ||     9
    Use: Scroll            |       |     6 |     7 |     4 ||    17
         Potion            |       |       |       |     4 ||     4
   Stab: Sleeping          |     6 |     6 |     4 |     1 ||    17
 Armour: Skin              |     3 |       |    47 |    56 ||   106
  Dodge: Dodged            |    41 |    55 |    64 |    79 ||   239
   Form: Anaconda          |       |       |     1 |       ||     1

Levels and vault maps discovered:
D:1:      tekkud_arrival_beachfront_property, layout_basic,
          minmay_misc_feat_columns, nicolae_houndstooth_variations
D:2:      layout_loops_ring, serial_rivers, chequers_serial_rivers_micro_b,
          chequers_serial_rivers_micro_e, chequers_serial_rivers_marsh,
          chequers_serial_rivers_marsh, chequers_serial_rivers_large_b,
          chequers_serial_rivers_room_b, hex_medium, minmay_surrounded,
          uniq_terence, uniq_natasha
D:3:      layout_loops_corners, serial_shops, nicolae_shop_just_a_little_nook,
          corexii_hall_statues_i, minmay_joined_circles, uniq_robin,
          uniq_jessica
D:4:      layout_rooms, uniq_grinder, uniq_eustachio, uniq_pikel, uniq_pargi
D:5:      layout_rooms, mainiacjoe_overflow_catwalk,
          nicolae_gozag_zags_fifth_avenue, nicolae_overflow_hidden_temple,
          gammafunk_ghost_nasty_kobolds, dk_vineyard_1,
          minmay_misc_feat_secret_circle
D:6:      layout_loops_cross, amcnicky_altar_gilded, fountainhead
D:7:      layout_gridville, nicolae_yredelemnul_ghost_church,
          minmay_temple_entry_slanted, minmay_stone_trees_small,
          minmay_fractal_squares_5, uniq_menkaure
D:8:      layout_basic, kennysheep_generic_room_7
D:9:      layout_big_octagon, kennysheep_little_box,
          kennysheep_okawaru_gauntlet, billiards_dpeg
D:10:     layout_cave_pools, dpeg_lair_monsters, lemuel_flamethrower_2,
          uniq_josephine

Notes
Turn   | Place    | Note
-------+----------+-------------------------------------------
     0 | D:1      | AIAndy the Octopode Shapeshifter began the quest for the
                  | Orb.
     0 | D:1      | Reached XP level 1. HP: 14/14 MP: 1/1
   159 | D:1      | Reached XP level 2. HP: 16/19 MP: 2/2
   275 | D:1      | Reached XP level 3. HP: 13/24 MP: 3/3
   912 | D:2      | Reached skill level 3 in Unarmed Combat
  1183 | D:2      | Reached XP level 4. HP: 29/29 MP: 4/4
  1607 | D:2      | Noticed Natasha
  1609 | D:2      | Killed Natasha
  1610 | D:2      | Reached skill level 4 in Shapeshifting
  1818 | D:2      | Noticed Terence
  1826 | D:2      | Killed Terence
  1827 | D:2      | Reached XP level 5. HP: 19/34 MP: 5/5
  1920 | D:3      | Found the +8 whip "Snakebite" {venom, curare, rPois}
  2320 | D:3      | Reached skill level 1 in Maces & Flails
  2391 | D:3      | Reached XP level 6. HP: 41/41 MP: 6/6
  2494 | D:3      | Found Bokioco's Assorted Antiques.
  2572 | D:3      | Noticed Robin
  2575 | D:3      | Killed Robin
  2811 | D:3      | Noticed Jessica
  2818 | D:3      | Killed Jessica
  3159 | D:4      | Noticed Grinder
  3159 | D:4      | Noticed Pikel
  3200 | D:4      | Noticed Eustachio
  3206 | D:4      | Noticed Pargi
  3208 | D:4      | Killed Eustachio
  3209 | D:4      | Reached skill level 3 in Fighting
  3209 | D:4      | Reached skill level 2 in Maces & Flails
  3209 | D:4      | Reached XP level 7. HP: 46/46 MP: 7/7
  3213 | D:4      | Killed Pargi
  3261 | D:4      | Killed Grinder
  3262 | D:4      | Reached skill level 4 in Fighting
  3262 | D:4      | Reached skill level 3 in Maces & Flails
  3262 | D:4      | Reached skill level 5 in Shapeshifting
  3280 | D:4      | Killed Pikel
  3281 | D:4      | Reached skill level 5 in Fighting
  3281 | D:4      | Reached skill level 4 in Maces & Flails
  3281 | D:4      | Reached XP level 8. HP: 35/56 MP: 8/8
  3515 | D:4      | Reached skill level 6 in Shapeshifting
  3762 | D:5      | Entered Level 5 of the Dungeon
  3763 | D:5      | Found Gozag's Platinum Reserve.
  3763 | D:5      | Found an opulent altar of Gozag.
  3772 | D:5      | Became a worshipper of Gozag Ym Sagoz the Greedy
  3783 | D:5      | Reached skill level 6 in Fighting
  3999 | D:5      | Found a sacrificial altar of Ru.
  4310 | D:5      | Found a runed translucent gate.
  4311 | D:5      | Found a runed translucent gate.
  4312 | D:5      | Found a runed translucent gate.
  4314 | D:5      | Noticed RichitheSlayer's ghost (novice FoFi)
  4419 | D:5      | Found a stormy altar of Qazlal.
  4695 | D:6      | Reached XP level 9. HP: 63/63 MP: 9/9
  4836 | D:3      | Bought a scroll labelled YMASSUNENIA for 27 gold pieces
  4836 | D:3      | Bought a scroll of identify for 54 gold pieces
  4836 | D:3      | Bought a runed ivory ring for 135 gold pieces
  4837 | D:3      | Identified 3 potions of resistance
  5045 | D:6      | Reached skill level 7 in Fighting
  5045 | D:6      | Reached skill level 7 in Shapeshifting
  5201 | D:6      | Found a blossoming altar of Fedhas.
  5661 | D:7      | Found a runed translucent gate.
  5661 | D:7      | Found a runed translucent gate.
  5661 | D:7      | Found a runed translucent gate.
  5661 | D:7      | Noticed Vruhak's ghost (novice FoGl)
  5663 | D:7      | Found a basalt altar of Yredelemnul.
  5668 | D:7      | Reached skill level 4 in Unarmed Combat
  5688 | D:7      | Noticed Menkaure
  5697 | D:7      | Killed Menkaure
  5711 | D:7      | Reached skill level 5 in Unarmed Combat
  5844 | D:7      | HP: 6/66 [something (7)]
  6302 | D:7      | Reached skill level 8 in Shapeshifting
  6325 | D:7      | Found a staircase to the Ecumenical Temple.
  6347 | D:7      | Reached skill level 6 in Unarmed Combat
  7224 | D:8      | Reached XP level 10. HP: 69/71 MP: 10/10
  8067 | D:8      | Reached skill level 7 in Unarmed Combat
  8813 | D:9      | Reached skill level 9 in Shapeshifting
  8849 | D:9      | Found an ornate altar of the Wu Jian Council.
  8857 | D:9      | Noticed a two-headed ogre
  8932 | D:9      | Reached skill level 8 in Unarmed Combat
  9465 | D:9      | Found an iron altar of Okawaru.
  9572 | D:10     | Entered Level 10 of the Dungeon
  9621 | D:10     | Noticed a death yak
  9623 | D:10     | Noticed a kobold demonologist
  9625 | D:10     | Noticed a death yak
  9755 | D:10     | Noticed a death yak
  9755 | D:10     | Noticed Josephine
  9755 | D:10     | Noticed a kobold demonologist
  9755 | D:10     | Found a staircase to the Lair.
  9763 | D:9      | Killed Josephine
  9773 | D:9      | Reached skill level 9 in Unarmed Combat
  9776 | D:9      | Killed a kobold demonologist
  9975 | D:9      | Killed a kobold demonologist
  9976 | D:9      | Reached skill level 10 in Shapeshifting
  9976 | D:9      | Reached XP level 11. HP: 75/75 MP: 11/11
 10032 | D:9      | HP: 1/90 [death yak (17)]
 10032 | D:9      | Mangled by a death yak

Vanquished Creatures
  Josephine (D:9)
  Pikel (D:4)
  2 kobold demonologists (D:9)
  Grinder (D:4)
  A shadow (D:9)
  2 wyverns (D:9)
  2 wraiths (D:9)
  Eustachio (D:4)
  4 vampire mosquitoes (D:9)
  A steam dragon (D:7)
  A yak (D:9)
  Menkaure (D:7)
  A water moccasin (D:7)
  3 black bears
  2 orc warriors
  2 ice beasts (D:7)
  Pargi (D:4)
  5 centaurs
  A lemure (D:4)
  2 kobold brigands
  7 bullfrogs
  3 wights (D:8)
  9 killer bees (D:9)
  3 jellies
  A hound (D:5)
  A gnoll bouda (D:7)
  Jessica (D:3)
  Terence (D:2)
  An iguana (D:5)
  12 orc wizards
  Natasha (D:2)
  2 howler monkey zombies (D:7)
  Robin (D:3)
  13 gnolls
  8 adders
  2 white imps
  2 ufetubi
  A worm (D:2)
  3 dart slugs
  20 orcs
  5 endoplasms
  4 giant cockroaches
  20 goblins
  8 hobgoblins
  5 jackals (D:1)
  12 kobolds
  2 quokkas (D:3)
  7 ball pythons
  9 bats
  6 frilled lizards
  10 rats
215 creatures vanquished.

Vanquished Creatures (others)
  A howler monkey (D:10)
1 creature vanquished.

Grand Total: 216 creatures vanquished

Table legend: (Time is in decaauts)
 A = Elapsed time spent in this place.
 B = Non-inter-level travel time spent in this place.
 C = Inter-level travel time spent in this place.
 D = Time resting spent in this place.
 E = Time spent auto-exploring this place.
 F = Levels seen in this place.
 G = Mean time per level.
                   A        B        C        D        E       F      G
               +--------+--------+--------+--------+--------+-----+--------+
         Total |  10024 |   9541 |    483 |    398 |   7643 |  10 | 1002.4 |
       Dungeon |  10024 |   9541 |    483 |    398 |   7643 |  10 | 1002.4 |
               +--------+--------+--------+--------+--------+-----+--------+

Top non-repeatable levels by time:
     D:9: 1698 daAuts
     D:7: 1381 daAuts
     D:3: 1273 daAuts
     D:8: 1231 daAuts
     D:2: 1088 daAuts
     D:5: 903 daAuts
     D:1: 862 daAuts
     D:6: 844 daAuts
     D:4: 667 daAuts
    D:10: 74 daAuts

Table legend:
 A = Non-vault XP
 B = Vault XP
 C = Vault XP percentage of total XP
 D = Non-vault monster count
 E = Vault monster count
 F = Vault count percentage of total count
                 A         B        C        D         E       F
            +---------+---------+-------+---------+---------+-------
      Total |    5491 |    4356 |  44.2 |     155 |      59 |  27.6
            +---------+---------+-------+---------+---------+-------
        D:1 |      49 |       0 |   0.0 |      28 |       0 |   0.0
        D:2 |      76 |      74 |  49.3 |      20 |       4 |  16.7
        D:3 |      85 |     138 |  61.9 |      13 |      31 |  70.5
        D:4 |     129 |    1261 |  90.7 |      11 |       4 |  26.7
        D:5 |     476 |       0 |   0.0 |      15 |       0 |   0.0
        D:6 |     419 |       0 |   0.0 |      11 |       0 |   0.0
        D:7 |     581 |    1081 |  65.0 |      11 |      10 |  47.6
        D:8 |     579 |     193 |  25.0 |      21 |       2 |   8.7
        D:9 |    3097 |    1609 |  34.2 |      25 |       8 |  24.2
            +---------+---------+-------+---------+---------+-------
